 Dungeon Crawl Stone Soup version 0.18.1-48-g4cf74bf (webtiles) character file.

649996 Joat the Conqueror (level 27, -14/245 HPs)
             Began as a Pale Draconian Monk on Aug 30, 2016.
             Was the Champion of Ru.
             Demolished by a death ooze (19 damage)
             ... created by the Royal Jelly
             ... on level 6 of the Pits of Slime on Sept 2, 2016.
             The game lasted 15:14:01 (118401 turns).

Joat the Conqueror (Pale Draconian Monk)          Turns: 118401, Time: 15:14:02

Health: -14/245    AC: -4    Str: 14    XL:     27
Magic:  0/31       EV: 27    Int:  9    God:    Ru [******]
Gold:   5878       SH: 15    Dex: 23    Spells: 5 memorised, 38 levels left

rFire  + + +     SeeInvis +     U - +7 scimitar of Ceisal {vamp, *Contam +Fly rF+++ Int-3}
rCold  + + .     Gourm    .     (armour unavailable)
rNeg   . . .     Faith    .     M - +0 shield {reflect}
rPois  .         Spirit   +     (helmet restricted)
rElec  +         Dismiss  .     c - +2 cloak
rCorr  +         Reflect  +     Y - +0 pair of gloves {Str+3}
SustAt .         Harm     .     z - +2 pair of boots {run}
MR     +++..     Rnd*Rage +     L - amulet of Geunwal {Spirit rElec Dex+3}
Stlth  .......... Rnd*Tele +    R - ring of the Ego {rC+ MR+, =R}
                                G - ring of Ceessipu {rCorr +Blink rC+ SInv}

@: exhausted, corroded, slowed, very slow, extremely resistant to hostile
enchantments, extremely unstealthy
A: breathe steam, unfitting armour, berserk 3, blurry vision 1, clumsy 1,
deterioration 1, dopey 1, frail 1, low mp 2, teleportitis 1, weak 2,
cold-blooded, subdued magic 2, no stealth, inability to use devices, hated by
all, reduced EV 1, disrupted magic 1, MP-powered wands, AC +13
a: Breathe Steam, Draw Out Power, Power Leap, Apocalypse, Renounce Religion
}: 3/15 runes: decaying, serpentine, silver


You were on level 6 of the Pits of Slime.
You worshipped Ru.
Ru was exalted by your worship.
You were not hungry.

You visited 11 branches of the dungeon, and saw 56 of its levels.
You visited the Abyss 2 times.
You visited 1 bazaar.
You also visited: Labyrinth, Sewer and Bailey.

You collected 7877 gold pieces.
You spent 1999 gold pieces at shops.

Inventory:

Hand Weapons
 w - the +9 long sword of Fundamental Breach {slice, rF+}
   (You found it on level 13 of the Dungeon)

   It inflicts extra damage upon your enemies.
   It protects you from fire.
 P - a +5 demon blade of freezing
 U - the +7 scimitar of Ceisal (weapon) {vamp, *Contam +Fly rF+++ Int-3}
   (You took it off a vault warden on level 5 of the Vaults)

   It inflicts no extra harm, but heals its wielder somewhat when it strikes a
   living foe.
   It affects your intelligence (-3).
   It renders you almost immune to fire.
   It lets you fly.
   It causes magical contamination when unequipped.
Missiles
 q - 7 javelins of returning (quivered)
Armour
 c - a +2 cloak (worn)
 z - a +2 pair of boots of running (worn)
 B - a +2 shield
 M - a +0 shield of reflection (worn)
 Y - a +0 pair of gloves of strength (worn)
Jewellery
 b - the amulet of Cekugob {Dismiss -Tele rElec rPois rN++ AC+1 EV+1}
   (You bought it in a shop in a bazaar)

   [amulet of dismissal]

   It may teleport away creatures that harm you.
   It affects your AC (+1).
   It affects your evasion (+1).
   It insulates you from electricity.
   It protects you from poison.
   It greatly protects you from negative energy.
   It prevents most forms of teleportation.
 e - the ring of Zoinam {rC+ MP+9 Int+2 Dex+2 Stlth-}
   (You took it off a yaktaur on level 2 of the Vaults)

   [ring of loudness]

   It affects your intelligence (+2).
   It affects your dexterity (+2).
   It protects you from cold.
   It affects your magic capacity (+9).
   It makes you less stealthy.
 h - the ring "Qysesch" {rElec rN+ Int+4}
   (You took it off a vampire on level 3 of the Crypt)

   [ring of positive energy]

   It affects your intelligence (+4).
   It insulates you from electricity.
   It protects you from negative energy.
 y - the ring of Lidghed {rN+ MR+ Str-2 Dex+3}
   (You found it on level 3 of the Crypt)

   [ring of positive energy]

   It affects your strength (-2).
   It affects your dexterity (+3).
   It protects you from negative energy.
   It affects your resistance to hostile enchantments.
 C - the ring "Dedus Ko Gav" {SustAt *Corrode rElec Str+9}
   (You took it off a yaktaur on level 5 of the Vaults)

   [ring of sustain attributes]

   It sustains your strength, intelligence and dexterity.
   It affects your strength (+9).
   It insulates you from electricity.
   It may corrode you when you take damage.
 D - an uncursed ring of positive energy
 G - the ring of Ceessipu (left hand) {rCorr +Blink rC+ SInv}
   (You found it on level 3 of the Elven Halls)

   [ring of resist corrosion]

   It protects you from cold.
   It lets you see invisible.
   It lets you blink.
 L - the amulet of Geunwal (around neck) {Spirit rElec Dex+3}
   (You took it off a vault sentinel on level 2 of the Vaults)

   [amulet of guardian spirit]

   It causes incoming damage to be split between your health and magic.
   It affects your dexterity (+3).
   It insulates you from electricity.
 R - the ring of the Ego (right hand) {rC+ MR+, =R}
   (You found it on level 14 of the Dungeon)

   [ring of protection from magic]

   It protects you from cold.
   It affects your resistance to hostile enchantments.
 W - the ring "Lejaxt" {+Blink rC+ rN+ Str+3}
   (You found it on level 2 of the Abyss)

   [ring of protection from cold]

   It affects your strength (+3).
   It protects you from cold.
   It protects you from negative energy.
   It lets you blink.
 Z - an uncursed ring of protection from fire
Scrolls
 j - 6 scrolls of enchant armour
 k - 10 scrolls of teleportation
 n - 19 scrolls of remove curse
 o - 7 scrolls of amnesia
 r - 6 scrolls of fog
 t - a scroll of brand weapon
 v - 8 scrolls of identify
 A - 13 scrolls of enchant weapon
 E - 8 scrolls of magic mapping
 I - a scroll of blinking
 N - 2 scrolls of holy word
 S - 2 scrolls of silence
 V - 2 scrolls of immolation
Potions
 d - 3 potions of invisibility
 l - 11 potions of brilliance
 p - 14 potions of curing
 s - 2 potions of might
 F - 4 potions of berserk rage
 H - 12 potions of flight
 J - 6 potions of haste
 K - a potion of ambrosia
 O - 7 potions of cancellation
 Q - 3 potions of resistance
 T - 3 potions of magic
Books
 f - Duogg's Papyrus of Curses and Transmigration
   (You found it on level 3 of the Elven Halls)

   Spells                             Type                      Level
   a - Dazzling Spray                 Conjuration/Hexes            3
   b - Fulminant Prism                Conjuration/Hexes            4
   c - Blade Hands                    Transmutation                5
   d - Discord                        Hexes                        8
 g - a book of the Sky

   Spells                             Type                      Level
   a - Summon Lightning Spire         Summoning/Air                4
   b - Airstrike                      Air                          4
   c - Silence                        Hexes/Air                    5
   d - Deflect Missiles               Charms/Air                   6
   e - Conjure Ball Lightning         Conjuration/Air              6
   f - Tornado                        Air                          9
 m - a book of the Earth

   Spells                             Type                      Level
   a - Leda's Liquefaction            Hexes/Earth                  4
   b - Bolt of Magma                  Conjuration/Fire/Earth       5
   c - Statue Form                    Transmutation/Earth          6
   d - Iron Shot                      Conjuration/Earth            6
   e - Shatter                        Earth                        9
Comestibles
 a - 33 bread rations
 i - 7 meat rations


   Skills:
 O Level 27 Fighting
 + Level 18.8 Long Blades
 - Level 17.1 Dodging
 - Level 16.4 Shields
 - Level 16.3 Unarmed Combat
 - Level 12.0 Spellcasting
 - Level 4.0 Charms
 - Level 3.0 Summonings
 - Level 5.5 Translocations
 - Level 15.8 Transmutations
 - Level 4.6 Air Magic
 - Level 15.5 Earth Magic


You had 38 spell levels left.
You knew the following spells:

 Your Spells              Type           Power        Failure   Level  Hunger
b - Blink                 Tloc           N/A          1%          2    None
d - Repel Missiles        Chrm/Air       #.....       3%          2    None
p - Summon Butterflies    Summ           #.......     3%          1    None
w - Statue Form           Trmt/Erth      ###......    3%          6    #######
z - Apportation           Tloc           #.........   1%          1    None


Dungeon Overview and Level Annotations

Branches:
Dungeon (15/15)            Temple (1/1) D:7            Lair (8/8) D:9
  Swamp (4/4) Lair:6        Snake (4/4) Lair:4        Slime (6/6) Lair:8
    Orc (2/2) D:11            Elf (3/3) Orc:2        Vaults (5/5) D:13
  Crypt (3/3) Vaults:3       Tomb (0/3) Crypt:3      Depths (5/5) D:15
    Zot (0/5) Depths:5

Altars:
Ashenzari
Cheibriados
Dithmenos
Elyvilon
Fedhas
Gozag
Kikubaaqudgha
Makhleb
Nemelex Xobeh
Okawaru
Pakellas
Qazlal
Ru
Sif Muna
Trog
Vehumet
Xom
Yredelemnul
Zin
The Shining One
Beogh
Jiyva

Shops:
D:11 (   D:14 ?   Orc:1 *   Orc:2 %%!((   Vaults:2 *   Vaults:3 [   Vaults:5 =

Portals:
Hell: Depths:1 Depths:2 Depths:3 Depths:4 Depths:5
Abyss: Depths:1 Depths:2 Depths:4
Pandemonium: Depths:1 Depths:2 Depths:3 Depths:4 Depths:5
Ziggurat: Depths:3
Trove: Elf:3 (give 7 potions of haste)


Innate Abilities, Weirdness & Mutations

You can breathe blasts of scalding, opaque steam.
Your pale cyan-grey scales are hard (AC +13).
Your body does not fit into most forms of armour.
You are dopey. (Int -2)
Your magical capacity is very low (-20% MP).
You are cold-blooded and may be slowed by cold attacks.
You cannot be stealthy.
You cannot study or use magical devices.
You are hated by all.
You have somewhat slow reflexes. (EV -3)
Your casting is slightly disrupted.
You have an uncontrollable temper.
Scrolls take you a little longer to read.
You are clumsy. (Dex -2)
Your body sometimes deteriorates upon taking damage.
You are frail (-10% HP).
You are occasionally teleported next to monsters.
You are very weak. (Str -4)
Your spells are easier to cast, but less powerful.
You expend magic power (3 MP) to strengthen your wands.


Message History

Unknown command.
Press: ? - help, v - describe, . - travel
Here: a death ooze (almost destroyed, softly glowing)
The floor.
You hit the death ooze.
The death ooze is almost destroyed.
You block the death ooze's attack. The death ooze hits you!!
* * * LOW HITPOINT WARNING * * *
You redirect the death ooze's attack!
The death ooze hits the death ooze.
The death ooze hits the death ooze!!
Drink which item? (? for menu, Esc to quit)
You feel much better.
You revert to your normal fleshy form.
Your +0 pair of gloves of strength unmelds from your body.
Your +2 pair of boots of running unmelds from your body.
You feel stronger.
You feel quick. The death ooze hits you!!
* * * LOW HITPOINT WARNING * * *
The death ooze hits you!!
You die...

...............J.####.#####......
................##(##..##?##.....
...............##($?##.#?![##....
..............##?=?##..##()$##...
.............##)))}$#.##[)φ[$##..
.............##?$\%##..##(}(!##..
.............###[$#:##.#)#?$###..
.............########..########..
...............#@JJ#....#...#....
.............#...#J.......#...#..
.............########..########..
.............###/$#|##.#=#?%###..
.............##[()?##..##()(!##..
.............##/}[)$#.##?)?[$##..
..............##()(##..##:=$##...
...............##(?$##.#)$$##. ..
................##[##..##)##..


You could see 3 death oozes.

Vanquished Creatures
  the Royal Jelly (Slime:6)
  An ancient lich (Depths:3)
  Boris (Crypt:2)
  Norris (Snake:4)
  Frederick (Depths:4)
  A curse toe (Crypt:3)
  2 caustic shrikes (Depths:2)
  2 bone dragons (Depths:5)
  A golden dragon (Depths:3)
  Xtahua (Vaults:3)
  Jory (Crypt:1)
  An iron giant (Depths:4)
  2 tentacled monstrosities (Depths:4)
  Rupert (D:13)
  10 liches
  Asterion (Vaults:1)
  5 titans
  5 deep elf blademasters
  30 acid blobs
  A quicksilver dragon (Depths:4)
  Frances (Swamp:2)
  2 deep elf master archers (Elf:3)
  2 tentacled starspawn (Abyss:2)
  3 sphinxes
  6 tengu reavers
  7 ancient champions
  7 shadow dragons
  5 revenants
  17 azure jellies
  10 greater nagas
  Kirke (Lair:6)
  The ghost of juanjsm the Unseen, an adept SpEn of Okawaru (Elf:3)
  Roxanne (Snake:1)
  7 storm dragons
  A thorn hunter (Swamp:3)
  8 fire giants
  The ghost of Galewind the Spry, an adept DECj of Vehumet (Swamp:4)
  14 vault wardens
  Aizul (Snake:3)
  A caustic shrike zombie (D:15)
  A draconian shifter (Depths:5)
  A juggernaut zombie (Depths:3)
  15 frost giants
  4 iron dragons
  6 curse skulls
  6 deep elf sorcerers
  4 spriggan defenders
  8 deep elf elementalists
  5 war gargoyles
  17 ironheart preservers
  26 very ugly things
  4 ghouls
  A white draconian (Depths:5)
  A reaper (Depths:3)
  3 salamander stormcallers (Vaults:5)
  The ghost of mopl the Experimenter, a journeyman VSWn of Pakellas (Orc:1)
  43 stone giants
  6 deep elf demonologists
  8 vampire knights
  5 deep elf annihilators
  A mottled draconian (Depths:5)
  A red draconian (Depths:5)
  3 spark wasps
  13 ettins
  5 eidola
  13 deep elf death magi
  16 jiangshi
  2 crystal guardians (Vaults:4)
  24 vault guards
  13 fire dragons
  10 death oozes
  A minotaur (Lab)
  24 yaktaur captains
  Erolcha (D:8)
  Fannar (D:12)
  4 deep elf high priests
  A hell beast (Depths:1)
  6 entropy weavers
  18 great orbs of eyes
  5 catoblepae
  16 ice dragons
  11 hydras
  9 rakshasas
  Harold (D:10)
  18 naga warriors
  An anaconda (shapeshifter) (Vaults:3)
  4 spriggan air magi
  19 ogre magi
  16 anacondas
  A ghost crab (shapeshifter) (Vaults:5)
  4 death knights
  2 ghost crabs (Swamp:4)
  15 centaur warriors
  A titan zombie (D:15)
  23 dancing weapons
  14 death yaks
  19 deep troll shamans
  9 shock serpents
  12 alligators
  13 deep troll earth magi
  An orc high priest (Orc:1)
  Nergalle (D:12)
  6 tengu warriors
  13 vampire magi
  A shock serpent (shapeshifter) (Vaults:5)
  13 spriggan berserkers
  Urug (D:15)
  A storm dragon zombie (Vaults:2)
  23 deep elf knights
  Sonja (D:15)
  3 soul eaters
  3 storm dragon skeletons
  15 naga sharpshooters
  3 wretched stars (Abyss:2)
  3 iron trolls
  24 hell knights
  9 salamander mystics
  26 skeletal warriors
  A sun demon (Abyss:2)
  9 shadow wraiths
  An unseen horror (shapeshifter) (Vaults:1)
  2 swamp dragons
  4 wizards
  10 giant orange brains
  A spriggan druid (Swamp:4)
  3 unseen horrors
  A quicksilver dragon simulacrum (Depths:3)
  2 orange crystal statues
  14 phantasmal warriors
  A lindwurm (shapeshifter) (Vaults:4)
  27 deep trolls
  25 deep elf archers
  6 flayed ghosts
  20 ironbrand convokers
  4 shambling mangroves
  3 harpies (Vaults:1)
  10 hill giants
  7 naga ritualists
  18 necromancers
  A hill giant (shapeshifter) (Vaults:5)
  10 wolf spiders
  20 mana vipers
  2 lindwurms (Snake:4)
  15 orc knights
  A stone giant zombie (Vaults:5)
  An oklob plant (Lair:7)
  2 shadow dragon skeletons
  A wolf spider zombie (D:15)
  11 orc sorcerers
  A frost giant zombie (Depths:2)
  3 tengu skeletons
  13 shining eyes
  2 fire giant zombies (Crypt:3)
  2 manticores
  7 griffons
  A worldbinder (Abyss:2)
  5 cyclopes
  5 hornets
  64 deep elf magi
  3 elephants (Lair:5)
  A salamander (shapeshifter) (Vaults:4)
  15 salamanders
  63 ugly things
  2 sixfirhies
  An octopode (shapeshifter) (Depths:4)
  3 fire giant skeletons
  4 frost giant skeletons
  An eye of devastation (shapeshifter) (Depths:3)
  4 rust devils
  4 eyes of devastation
  Maurice (D:12)
  A stone giant skeleton (Crypt:2)
  2 torpor snails (Lair:4)
  24 naga magi
  14 vault sentinels
  A dire elephant zombie (Crypt:2)
  48 black mambas
  A hell hog skeleton (Crypt:3)
  3 human skeletons
  11 guardian serpents
  A gargoyle (D:14)
  2 dire elephant skeletons
  7 orange demons
  2 torpor snails (shapeshifter)
  Psyche (D:10)
  26 spiny frogs
  10 centaur skeletons
  A yaktaur zombie (Vaults:5)
  A hellion (Depths:5)
  A rime drake (shapeshifter) (D:13)
  4 rime drakes
  13 komodo dragons
  49 yaktaurs
  A mottled draconian zombie (Crypt:1)
  A komodo dragon (shapeshifter) (Vaults:4)
  A redback zombie (Vaults:2)
  An ice devil (Depths:5)
  12 freezing wraiths
  10 tengu conjurers
  5 guardian mummies (Crypt:3)
  A green draconian skeleton (Crypt:3)
  A yaktaur skeleton (Vaults:3)
  An ancient zyme (Abyss:2)
  6 trolls
  6 large abominations (Abyss:2)
  A troll (shapeshifter) (Crypt:2)
  4 red devils
  Grinder (D:4)
  A minotaur zombie (Crypt:3)
  A two-headed ogre (shapeshifter) (Depths:1)
  9 giant leeches
  A polar bear (shapeshifter) (Elf:1)
  A harpy zombie (D:15)
  A jumping spider (Depths:3)
  A jumping spider zombie (Crypt:1)
  A wolf spider simulacrum (D:15)
  A sphinx simulacrum (Depths:2)
  40 two-headed ogres
  170 slime creatures
  9 bog bodies
  A fire dragon zombie (Crypt:3)
  A minotaur skeleton (Lab)
  4 boulder beetles
  An ettin zombie (Crypt:2)
  A fire giant simulacrum (Depths:3)
  40 blink frogs
  A hydra skeleton (Crypt:3)
  3 raiju (Abyss:2)
  2 ettin skeletons (Vaults:3)
  A frost giant simulacrum (Vaults:5)
  15 spriggans
  Sigmund (D:6)
  12 redbacks
  A spriggan (shapeshifter) (D:15)
  A deep troll skeleton (D:15)
  2 shadows (Swamp:2)
  A wyvern (D:15)
  10 wraiths
  7 air elementals
  52 yaks
  4 vampires (Crypt:3)
  A satyr skeleton (Crypt:3)
  11 fire elementals
  A ynoxinul (Depths:5)
  3 basilisks
  17 golden eyes
  5 humans
  17 vampire mosquitoes
  Menkaure (D:4)
  14 hippogriffs
  A steam dragon (D:11)
  A hog (Lair:6)
  2 hippogriffs (shapeshifter)
  A hill giant skeleton (Crypt:2)
  3 neqoxecs
  4 swamp worm simulacra (Swamp:4)
  12 hungry ghosts
  A deep troll zombie (Crypt:3)
  19 insubstantial wisps
  52 nagas
  6 wargs
  A human zombie (Depths:2)
  A gelid demonspawn zombie (Crypt:2)
  20 swamp worms
  17 water moccasins
  A water moccasin (shapeshifter) (Depths:4)
  15 porcupines
  2 giant eyeballs
  A hell hound (Depths:1)
  12 hydra simulacra (Swamp:4)
  48 orc warriors
  2 sky beasts (shapeshifter)
  18 wasps
  2 ice beasts
  93 ogres
  A manticore zombie (Crypt:2)
  6 swamp drakes
  A deep troll simulacrum (Depths:1)
  A necrophage (D:11)
  7 sky beasts
  2 black bears (shapeshifter)
  2 phantoms
  7 eyes of draining
  A spiny frog skeleton (Crypt:3)
  9 boggarts
  5 elf zombies
  28 wolves
  A swamp dragon skeleton (Crypt:3)
  8 centaurs
  The ghost of dvd the Grave Robber, an amateur DsNe (Sewer)
  2 elf skeletons
  24 crocodiles
  A big kobold (D:13)
  8 gnoll sergeants (Bailey)
  26 giant frogs
  An earth elemental (Elf:3)
  An octopode zombie (Crypt:1)
  2 wyvern skeletons
  6 scorpions
  An orc simulacrum (Vaults:1)
  A wight (D:9)
  20 killer bees
  A troll zombie (Crypt:2)
  4 spriggan skeletons (D:11)
  6 electric eels
  A troll skeleton (D:11)
  4 howler monkeys
  A polar bear skeleton (Crypt:3)
  17 crimson imps
  7 centaur zombies
  10 starcursed masses (Abyss:2)
  A human simulacrum (Vaults:2)
  10 hounds
  3 quasits
  4 giant frog zombies
  2 iron imps (Abyss:2)
  A basilisk zombie (Crypt:2)
  40 jellies
  6 two-headed ogre zombies (D:11)
  25 orc priests
  6 gnoll shamans (Bailey)
  2 small abominations (Abyss:2)
  5 giant frog skeletons
  10 iguanas
  37 orc wizards
  Terence (D:3)
  17 worker ants
  A killer bee zombie (D:7)
  A sheep (shapeshifter) (Depths:4)
  33 sheep
  A dwarf zombie (Crypt:2)
  A big kobold zombie (Crypt:1)
  A felid skeleton (Crypt:1)
  A hound zombie (D:10)
  A hound skeleton (D:4)
  7 mummies (Crypt:3)
  15 gnolls
  66 river rats
  14 adders
  6 shadow imps
  8 white imps
  2 ufetubi
  3 oozes
  4 swamp drake simulacra (Swamp:4)
  4 adder skeletons
  An adder zombie (D:8)
  4 worms
  A dart slug (D:1)
  7 giant geckos
  117 orcs
  15 giant cockroaches
  10 goblins
  7 hobgoblins
  15 jackals
  6 quokkas
  5 ball pythons
  19 bats
  A giant gecko skeleton (D:5)
  13 giant newts
  A jackal skeleton (D:4)
  11 kobolds
  A quokka skeleton (Crypt:2)
  14 rats
  2 crawling corpses (Vaults:3)
  A fungus (Lair:6)
  3 lost souls (Crypt:3)
  A starspawn tentacle (Abyss:2)
  A withered plant (D:15)
3181 creatures vanquished.

Vanquished Creatures (others)
  Nikola (Swamp:3)
  2 titans (Vaults:5)
  A quicksilver dragon (Depths:4)
  An ancient champion (Crypt:3)
  An acid blob (Slime:6)
  2 sphinxes
  A draconian monk (Depths:5)
  A tengu reaver (Depths:3)
  2 azure jellies
  2 fire giants
  2 frost giants
  An iron dragon (Vaults:5)
  Maud (D:10)
  2 deep elf sorcerers (Elf:3)
  A spriggan defender (Depths:2)
  2 ironheart preservers
  2 deep elf elementalists
  A stone giant (Depths:4)
  A white draconian (Depths:5)
  A spark wasp (Depths:4)
  An ettin (Depths:1)
  A deep elf death mage (Elf:3)
  2 vault guards (Vaults:5)
  An ogre mage (Depths:2)
  A deep elf high priest (Elf:3)
  3 entropy weavers
  3 yaktaur captains
  A hydra (Swamp:4)
  An anaconda (Snake:3)
  A deep troll shaman (Depths:4)
  2 dancing weapons (Elf:2)
  A deep troll earth mage (Depths:3)
  A hell knight (Depths:3)
  A skeletal warrior (Crypt:3)
  2 shadow wraiths (Crypt:3)
  A deep troll (Depths:3)
  A spriggan druid (Swamp:4)
  A deep elf archer (Elf:3)
  2 deep elf magi (Elf:3)
  A harpy (Vaults:1)
  A wolf spider (Vaults:3)
  2 black mambas
  A naga mage (Snake:4)
  A spiny frog (Lair:8)
  6 yaktaurs
  A tengu conjurer (Depths:5)
  A two-headed ogre (Depths:3)
  6 slime creatures
  A redback (Depths:3)
  3 spriggans
  A yak (Lair:8)
  2 vampire mosquitoes
  A warg (Vaults:1)
  A naga (Snake:4)
  2 hydra simulacra (Swamp:4)
  2 swamp worms (Swamp:4)
  A swamp drake (Swamp:3)
  5 ogres
  A wasp (Swamp:3)
  A necrophage (Crypt:3)
  A giant frog (D:11)
  An earth elemental (Elf:1)
  A jelly (Lair:8)
  An orc wizard (Orc:2)
  6 river rats (Lair:8)
  An ufetubus (Abyss:2)
  5 orcs
  A bat zombie (Crypt:2)
  2 kobolds (D:13)
  46 fungi
  3 lost souls
  A lurking horror (Abyss:2)
  33 plants
  11 starspawn tentacles (Abyss:2)
  88 starspawn tentacle segments (Abyss:2)
  5 withered plants (D:15)
302 creatures vanquished.

Grand Total: 3483 creatures vanquished

Notes
Turn   | Place    | Note
--------------------------------------------------------------
     0 | D:1      | Joat the Draconian Monk began the quest for the Orb.
     0 | D:1      | Reached XP level 1. HP: 19/19 MP: 1/1
   133 | D:1      | Reached XP level 2. HP: 20/26 MP: 2/2
   704 | D:2      | Reached XP level 3. HP: 25/31 MP: 3/3
  1019 | D:2      | Found an oddly glowing altar of Pakellas.
  1025 | D:2      | Reached XP level 4. HP: 40/40 MP: 4/4
  1063 | D:2      | Found a blossoming altar of Fedhas.
  1064 | D:2      | Found a deep blue altar of Sif Muna.
  1252 | D:2      | Reached skill level 4 in Fighting
  1804 | D:3      | Noticed Terence
  1816 | D:3      | Killed Terence
  1888 | D:3      | Noticed Grinder
  2018 | D:3      | Reached XP level 5. HP: 46/46 MP: 5/5
  2084 | D:3      | Reached skill level 5 in Unarmed Combat
  2579 | D:4      | Found a glowing silver altar of Zin.
  2632 | D:4      | Reached XP level 6. HP: 31/55 MP: 6/6
  2649 | D:4      | Reached skill level 5 in Fighting
  3122 | D:4      | Noticed Menkaure
  3136 | D:4      | Gained mutation: You are agile. (Dex +2) [potion of mutation]
  3136 | D:4      | Gained mutation: Scrolls take you a little longer to read. [potion of mutation]
  3138 | D:4      | Lost mutation: You are agile. (Dex +2) [potion of cure mutation]
  3138 | D:4      | Lost mutation: Scrolls take you a little longer to read. [potion of cure mutation]
  3144 | D:4      | Killed Menkaure
  3144 | D:4      | Your scales start taking on a pale cyan-grey colour.
  3144 | D:4      | Reached XP level 7. HP: 12/62 MP: 7/7
  3331 | D:4      | Paralysed by Grinder for 5 turns
  3338 | D:4      | Killed Grinder
  3338 | D:4      | Reached skill level 6 in Fighting
  3338 | D:4      | Reached skill level 5 in Dodging
  3642 | D:4      | Reached XP level 8. HP: 71/71 MP: 8/8
  3940 | D:5      | Entered Level 5 of the Dungeon
  4028 | D:5      | Found a glowing drain.
  4050 | D:5      | Found a shattered altar of Ashenzari.
  4051 | D:5      | Reached skill level 7 in Fighting
  4082 | Sewer    | Entered a sewer
  4215 | Sewer    | Noticed dvd's ghost (amateur DsNe)
  4227 | Sewer    | Killed dvd's ghost
  4681 | D:5      | Gained mutation: You possess an exceptional clarity of mind. [potion of beneficial mutation]
  4682 | D:5      | Gained mutation: You have a pair of small antennae on your head. [potion of beneficial mutation]
  4924 | D:5      | Found a burning altar of Makhleb.
  5441 | D:5      | Reached skill level 8 in Fighting
  5533 | D:6      | Reached XP level 9. HP: 81/81 MP: 9/9
  5902 | D:6      | Noticed Sigmund
  5929 | D:6      | Killed Sigmund
  5986 | D:6      | Got a pitted sapphire amulet
  5988 | D:6      | Identified the amulet "Mottuguc" {Spirit *Corrode rElec Slay+3 Stlth+} (You found it on level 6 of the Dungeon)
  6117 | D:6      | Found an ancient bone altar of Kikubaaqudgha.
  6436 | D:7      | Found a flagged portal.
  6449 | Bailey   | Entered a bailey
  6646 | Bailey   | Reached skill level 9 in Fighting
  7505 | D:7      | Found a staircase to the Ecumenical Temple.
  7517 | Temple   | Entered the Ecumenical Temple
  7618 | Temple   | Became a worshipper of Ru the Awakened
  7808 | D:7      | Found a shimmering altar of Xom.
  8081 | D:8      | Reached XP level 10. HP: 87/92 MP: 8/10
  8678 | D:8      | Reached skill level 10 in Fighting
  8713 | D:8      | Noticed Erolcha
  8721 | D:8      | Killed Erolcha
  8942 | D:9      | Reached skill level 10 in Unarmed Combat
  8995 | D:9      | Found a staircase to the Lair.
  9240 | D:9      | Found a white marble altar of Elyvilon.
  9421 | D:9      | Found an iron altar of Okawaru.
  9502 | Lair:1   | Entered Level 1 of the Lair of Beasts
  9586 | Lair:1   | Noticed a spiny frog
  9593 | Lair:1   | Killed a spiny frog
  9759 | Lair:1   | Gained mutation: Your casting is slightly disrupted. [Ru sacrifice]
  9810 | Lair:1   | Reached skill level 11 in Fighting
  9838 | Lair:1   | Noticed a spiny frog
 10056 | Lair:1   | Killed a spiny frog
 10241 | Lair:1   | Noticed a spiny frog
 10254 | Lair:1   | Killed a spiny frog
 10254 | Lair:1   | Reached XP level 11. HP: 64/102 MP: 7/11
 10984 | Lair:2   | Noticed a griffon
 11552 | Lair:2   | Killed a griffon
 11552 | Lair:2   | Reached skill level 10 in Dodging
 11867 | Lair:3   | Gained mutation: Your magical capacity is low (-10% MP). [Ru sacrifice]
 12287 | Lair:3   | Reached skill level 12 in Fighting
 13687 | Lair:4   | Found a staircase to the Snake Pit.
 13735 | Lair:4   | Noticed a four-headed hydra
 13748 | Lair:4   | Killed a four-headed hydra
 13748 | Lair:4   | Reached XP level 12. HP: 51/113 MP: 6/10
 14164 | Lair:4   | Noticed a catoblepas
 14212 | Lair:4   | Learned a level 1 spell: Summon Butterflies
 14530 | Lair:4   | Reached skill level 1 in Summonings
 14624 | Lair:4   | Reached skill level 1 in Spellcasting
 15181 | Lair:4   | Reached skill level 13 in Fighting
 16057 | Lair:5   | Found a burning altar of Makhleb.
 16871 | Lair:4   | Killed a catoblepas
 17243 | Lair:6   | Found a staircase to the Swamp.
 17396 | Lair:6   | Reached XP level 13. HP: 113/122 MP: 12/14
 17500 | Lair:6   | Gained mutation: You are hated by all. [Ru sacrifice]
 17500 | Lair:6   | Reached * piety under Ru
 17500 | Lair:6   | Reached ** piety under Ru
 18553 | Lair:6   | Reached skill level 14 in Fighting
 18569 | Lair:6   | Noticed Kirke
 18601 | Lair:6   | Killed Kirke
 19207 | Lair:7   | Learned a level 1 spell: Apportation
 19675 | Lair:7   | Reached skill level 1 in Translocations
 21292 | Lair:8   | Entered Level 8 of the Lair of Beasts
 21325 | Lair:8   | Got a crystal whip
 21326 | Lair:8   | Identified the +5 whip of Jiruk {freeze, rElec rPois MR- Dex+10} (You found it on level 8 of the Lair of Beasts)
 22182 | Lair:8   | Reached XP level 14. HP: 98/133 MP: 9/15
 22557 | Lair:8   | Found a staircase to the Slime Pits.
 22849 | Lair:8   | Reached skill level 15 in Fighting
 24455 | D:10     | Entered Level 10 of the Dungeon
 24792 | D:10     | Noticed Harold
 24800 | D:10     | Killed Harold
 24911 | D:10     | Noticed Psyche
 24917 | D:10     | Killed Psyche
 25183 | D:10     | Found a burning altar of Makhleb.
 25237 | D:10     | Noticed Maud
 25797 | D:11     | Found a roughly hewn altar of Beogh.
 25802 | D:11     | Found a staircase to the Orcish Mines.
 26129 | D:11     | Found Hakof's Weapon Boutique.
 26530 | Orc:1    | Entered Level 1 of the Orcish Mines
 26548 | Orc:1    | Found a roughly hewn altar of Beogh.
 26587 | Orc:1    | Found a roughly hewn altar of Beogh.
 26740 | Orc:2    | Entered Level 2 of the Orcish Mines
 26748 | Orc:2    | Reached skill level 15 in Unarmed Combat
 26815 | Orc:2    | Found a staircase to the Elven Halls.
 26818 | Orc:2    | Found a labyrinth entrance.
 26827 | Lab      | Entered a labyrinth
 26913 | Lab      | Found an exit through the horrors of the Abyss.
 27665 | Orc:2    | Found Mapniot's Food Shoppe.
 27915 | Orc:2    | Reached skill level 16 in Fighting
 28024 | Orc:2    | Paralysed by an orc sorcerer for 7 turns
 28947 | Orc:2    | Reached XP level 15. HP: 144/144 MP: 16/16
 29044 | Orc:2    | Found Zisa's Antique Weapon Shoppe.
 29044 | Orc:2    | Found Ryhiadgh's Antique Weapon Shoppe.
 29045 | Orc:2    | Found Enecusoe's Distillery.
 29048 | Orc:2    | Found Senasas's Food Emporium.
 29403 | Orc:1    | Noticed mopl's ghost (journeyman VSWn)
 29659 | Orc:1    | Killed mopl's ghost
 29856 | Orc:1    | Found Osutotox's General Store.
 29859 | Orc:1    | Gained mutation: You cannot study or use magical devices. [Ru sacrifice]
 29859 | Orc:1    | Reached *** piety under Ru
 29859 | Orc:1    | Reached **** piety under Ru
 29870 | Orc:1    | Bought a scroll of fear for 59 gold pieces
 29870 | Orc:1    | Bought a scroll of fear for 59 gold pieces
 29870 | Orc:1    | Bought a potion of curing for 51 gold pieces
 30265 | D:12     | Noticed Nergalle
 30494 | D:12     | Noticed Maurice
 30519 | D:12     | Killed Maurice
 30661 | D:12     | Noticed Fannar
 30683 | D:12     | Killed Fannar
 30988 | D:12     | Killed Nergalle
 31452 | D:12     | Learned a level 2 spell: Blink
 31455 | D:12     | Learned a level 2 spell: Repel Missiles
 31655 | D:13     | Found a gate to the Vaults.
 31672 | D:13     | Reached skill level 1 in Charms
 31672 | D:13     | Reached skill level 1 in Air Magic
 31918 | D:13     | Got a jewelled long sword
 31932 | D:13     | Identified the +9 long sword of Fundamental Breach {slice, rF+} (You found it on level 13 of the Dungeon)
 32016 | D:13     | Gained mutation: You cannot be stealthy. [Ru sacrifice]
 32016 | D:13     | Reached ***** piety under Ru
 32652 | D:13     | Noticed Rupert
 32673 | D:13     | Killed Rupert
 33006 | D:14     | Found a sparkling altar of Nemelex Xobeh.
 33050 | D:14     | Got a scintillating turquoise ring
 33052 | D:14     | Identified the ring of the Ego {rC+ MR+} (You found it on level 14 of the Dungeon)
 33301 | D:14     | Found Winligy's Magic Scroll Boutique.
 33305 | D:14     | Bought a scroll of blinking for 75 gold pieces
 33907 | D:15     | Entered Level 15 of the Dungeon
 34429 | D:15     | Noticed Urug
 34446 | D:15     | Killed Urug
 34617 | D:15     | Noticed Sonja
 34620 | D:15     | Killed Sonja
 34667 | D:15     | Reached skill level 17 in Fighting
 34958 | D:15     | Found a staircase to the Depths.
 35021 | D:15     | Reached XP level 16. HP: 89/155 MP: 13/20
 35564 | D:10     | Killed Maud
 35995 | Snake:1  | Entered Level 1 of the Snake Pit
 36573 | Snake:1  | Reached skill level 5 in Translocations
 37648 | Snake:1  | Reached skill level 5 in Spellcasting
 37708 | Snake:1  | Noticed Roxanne
 37904 | Snake:2  | Found a flickering gateway to a bazaar.
 37924 | Bazaar   | Entered a bazaar
 37924 | Bazaar   | Found Burel's Jewellery Shoppe.
 37928 | Bazaar   | Found Zaareoto's Armour Emporium.
 37933 | Bazaar   | Found Fucugh Hyinn's Distillery.
 37963 | Bazaar   | Found Mouloeru's Antique Armour Boutique.
 37971 | Bazaar   | Found Xoj Kiwa's Gadget Shoppe.
 38018 | Bazaar   | Bought a potion of haste for 110 gold pieces
 38018 | Bazaar   | Bought a potion of curing for 33 gold pieces
 38018 | Bazaar   | Bought a potion of curing for 33 gold pieces
 38018 | Bazaar   | Bought a potion of heal wounds for 55 gold pieces
 38018 | Bazaar   | Bought a potion of curing for 33 gold pieces
 38043 | Bazaar   | Bought the amulet of Cekugob {Dismiss -Tele rElec rPois rN++ AC+1 EV+1} for 676 gold pieces
 39199 | Snake:2  | Reached skill level 1 in Shields
 39527 | Snake:2  | Reached skill level 1 in Long Blades
 40935 | Snake:3  | Noticed Aizul
 40957 | Snake:3  | Reached skill level 5 in Long Blades
 41123 | Snake:3  | Killed Aizul
 41784 | Snake:4  | Entered Level 4 of the Snake Pit
 42147 | Snake:4  | Reached XP level 17. HP: 154/162 MP: 22/22
 43203 | Snake:4  | Noticed Norris
 44353 | Snake:4  | Killed Norris
 45176 | Snake:4  | Reached skill level 10 in Long Blades
 47261 | Snake:1  | Killed Roxanne
 47336 | Snake:1  | Learned a level 6 spell: Statue Form
 47488 | Swamp:1  | Entered Level 1 of the Swamp
 49476 | Swamp:2  | Noticed Frances
 49492 | Swamp:2  | Killed Frances
 51097 | Swamp:3  | Reached XP level 18. HP: 170/170 MP: 23/23
 51238 | Swamp:3  | Noticed Nikola
 51257 | Swamp:3  | Killed Nikola
 51498 | Swamp:4  | Entered Level 4 of the Swamp
 51688 | Swamp:4  | Noticed Galewind's ghost (adept DECj)
 51705 | Swamp:4  | Cast into level 2 of the Abyss (spriggan)
 51715 | Abyss:2  | Got a crude wooden ring
 51784 | Abyss:2  | Noticed a bone dragon
 51845 | Abyss:2  | Gained mutation: Your muscles are strong. (Str +2) [a neqoxec]
 51861 | Abyss:2  | Found a corrupted altar of Lugonu.
 51868 | Abyss:2  | Found a corrupted altar of Lugonu.
 51873 | Abyss:2  | Noticed a bone dragon
 51877 | Abyss:2  | Paralysed by accursed screaming for 1 turns
 51905 | Abyss:2  | Found a corrupted altar of Lugonu.
 51964 | Abyss:2  | Noticed a lich
 51968 | Abyss:2  | Found a corrupted altar of Lugonu.
 52184 | Abyss:2  | Reached skill level 15 in Dodging
 52184 | Abyss:2  | Reached skill level 5 in Shields
 52408 | Abyss:2  | Noticed a profane servitor
 52455 | Abyss:2  | Found a corrupted altar of Lugonu.
 52726 | Abyss:2  | Found a corrupted altar of Lugonu.
 52737 | Abyss:2  | Noticed a profane servitor
 52753 | Abyss:2  | Noticed a lich
 52756 | Abyss:2  | Noticed a Hell Sentinel
 53133 | Abyss:2  | Noticed a lich
 53153 | Abyss:2  | Killed a lich
 53172 | Swamp:4  | Escaped the Abyss
 53810 | Swamp:4  | Killed Galewind's ghost
 54190 | Swamp:4  | Got a faintly glowing cloak
 54348 | Swamp:4  | Identified the +0 cloak of the Special Runes {rCorr Dex-5 SInv} (You found it on level 4 of the Swamp)
 55387 | Swamp:4  | Got a decaying rune of Zot
 55887 | Lair:6   | Identified the ring "Lejaxt" {+Blink rC+ rN+ Str+3} (You found it on level 2 of the Abyss)
 56597 | Snake:4  | Reached skill level 18 in Fighting
 57736 | Snake:4  | Reached XP level 19. HP: 161/179 MP: 24/24
 58501 | Snake:4  | Got a serpentine rune of Zot
 59142 | Vaults:1 | Entered Level 1 of the Vaults
 59248 | Vaults:1 | Reached skill level 10 in Shields
 60015 | Vaults:1 | Noticed Asterion
 62840 | Vaults:1 | Killed Asterion
 63113 | Vaults:2 | Noticed a Brimstone Fiend
 63114 | Vaults:2 | Reached XP level 20. HP: 187/187 MP: 24/24
 63235 | Vaults:1 | Identified a scroll of acquirement
 63267 | Vaults:1 | Identified a +2 pair of boots of running (You acquired it on level 1 of the Vaults)
 63437 | Vaults:2 | Found Aly Tuy's Assorted Antiques.
 63441 | Vaults:2 | Bought a potion of heal wounds for 115 gold pieces
 64159 | Vaults:2 | Got a translucent granite ring
 64213 | Vaults:2 | Reached skill level 15 in Shields
 64617 | Vaults:1 | Gained mutation: You have somewhat slow reflexes. (EV -3) [Ru sacrifice]
 65320 | Vaults:3 | Reached skill level 15 in Long Blades
 65538 | Vaults:3 | Found a staircase to the Crypt.
 67242 | Vaults:3 | Gained mutation: You are dopey. (Int -2) [Ru sacrifice]
 67242 | Vaults:3 | Reached ****** piety under Ru
 67726 | Vaults:2 | Got a crude iron amulet
 67920 | Vaults:3 | Found Fyuskues's Antique Armour Boutique.
 67929 | Vaults:3 | Identified the amulet of Geunwal {Spirit rElec Dex+3} (You took it off a vault sentinel on level 2 of the Vaults)
 67933 | Vaults:3 | Identified the ring of Zoinam {rC+ MP+9 Int+2 Dex+2 Stlth-} (You took it off a yaktaur on level 2 of the Vaults)
 68423 | Vaults:4 | Noticed Xtahua
 69682 | Vaults:3 | Killed Xtahua
 69682 | Vaults:3 | Reached skill level 19 in Fighting
 69682 | Vaults:3 | Reached XP level 21. HP: 173/198 MP: 25/25
 70963 | Elf:1    | Entered Level 1 of the Elven Halls
 71403 | Elf:1    | Reached skill level 1 in Earth Magic
 71411 | Elf:1    | Reached skill level 1 in Transmutations
 71845 | Elf:1    | Gained mutation: Your system is resistant to poisons. [potion of beneficial mutation]
 71847 | Elf:1    | Got a polished arbalest
 71848 | Elf:1    | Identified the cursed +1 arbalest of the Illusory Runes {elec, rN+ Int+5 Dex+2} (You found it on level 1 of the Elven Halls)
 72083 | Elf:1    | Identified the Papyrus of Black Rites
 72494 | Elf:2    | Found a runed gate.
 72494 | Elf:2    | Found a runed gate.
 72501 | Elf:2    | Found a runed gate.
 73235 | Elf:2    | Reached skill level 5 in Earth Magic
 73518 | Elf:2    | Reached skill level 5 in Transmutations
 74830 | Elf:3    | Entered Level 3 of the Elven Halls
 74833 | Elf:3    | Noticed juanjsm's ghost (adept SpEn)
 74859 | Elf:3    | Killed juanjsm's ghost
 74908 | Elf:3    | Found a portal to a secret trove of treasure.
 75499 | Elf:3    | Got a twitching bronze ring
 75891 | Elf:2    | Reached XP level 22. HP: 133/206 MP: 27/27
 76263 | Elf:3    | Got a smoking bronze ring
 76388 | Elf:3    | Cast into level 3 of the Abyss (a ghostly deep elf sorcerer)
 76421 | Abyss:3  | Found a shimmering altar of Xom.
 76514 | Elf:3    | Escaped the Abyss
 76529 | Elf:2    | Identified the ring "Amuith" {MR+ Int+3} (You took it off a deep elf demonologist on level 3 of the Elven Halls)
 76531 | Elf:2    | Identified the cursed ring "Arimugy" {+Inv AC-3 Dex+8} (You took it off a deep elf demonologist on level 3 of the Elven Halls)
 77423 | Elf:3    | Identified the Disquisition on Congealing Flames
 77446 | Elf:3    | Identified Duogg's Papyrus of Curses and Transmigration (You found it on level 3 of the Elven Halls)
 77453 | Elf:3    | Identified Sif Muna's Tome of Supportive Feathers (You found it on level 3 of the Elven Halls)
 77546 | Elf:3    | Got a coiled brass ring
 77564 | Elf:3    | Identified the ring of Ceessipu {rCorr +Blink rC+ SInv} (You found it on level 3 of the Elven Halls)
 77569 | Elf:3    | Got a transparent scimitar {flame}
 77570 | Elf:3    | Identified the +2 scimitar "Vuulash" {flame, Dex+7} (You found it on level 3 of the Elven Halls)
 77766 | Depths:1 | Entered Level 1 of the Depths
 77799 | Depths:1 | Found a gateway to Hell.
 78401 | Depths:1 | Found a one-way gate leading to the halls of Pandemonium.
 79126 | Depths:1 | Found a one-way gate to the infinite horrors of the Abyss.
 79136 | Depths:1 | Gained mutation: Your tail ends in a poisonous barb. [potion of beneficial mutation]
 79780 | Depths:2 | Reached skill level 10 in Transmutations
 80015 | Depths:2 | Reached skill level 10 in Earth Magic
 80727 | Depths:2 | Noticed a caustic shrike
 80769 | Depths:2 | Killed a caustic shrike
 81802 | Depths:2 | Noticed a caustic shrike
 81824 | Depths:2 | Killed a caustic shrike
 82263 | Depths:2 | Reached XP level 23. HP: 184/213 MP: 31/31
 82883 | Depths:3 | Gained mutation: You are clumsy. (Dex -2) [a neqoxec]
 83756 | Depths:3 | Found a gateway to a ziggurat.
 86600 | Depths:3 | Reached skill level 10 in Spellcasting
 88144 | Depths:3 | Reached XP level 24. HP: 218/221 MP: 33/33
 91078 | Depths:4 | Identified the Tome of Captivating Unholy Rites
 92029 | Depths:4 | Got an ichor-stained scythe {vamp}
 92030 | Depths:4 | Identified the +6 scythe "Icun Lerch" {vamp, rC+ Int+4 Dex-2 SInv} (You took it off a vampire knight on level 4 of the Depths)
 92121 | Depths:4 | Reached skill level 15 in Transmutations
 92123 | Depths:4 | Noticed Frederick
 92743 | Crypt:1  | Entered Level 1 of the Crypt
 93730 | Crypt:1  | Reached skill level 20 in Fighting
 94530 | Crypt:2  | Noticed Boris
 94646 | Crypt:2  | Killed Boris
 95064 | Crypt:2  | Reached XP level 25. HP: 198/233 MP: 34/34
 95186 | Crypt:2  | Noticed Jory
 95227 | Crypt:1  | Killed Jory
 95724 | Crypt:2  | Reached skill level 21 in Fighting
 96258 | Crypt:3  | Entered Level 3 of the Crypt
 98697 | Crypt:3  | Reached skill level 22 in Fighting
 99185 | Crypt:3  | Found a staircase to the Tomb.
 99464 | Crypt:3  | Gained mutation: Your body sometimes deteriorates upon taking damage. [a cacodemon]
100154 | Crypt:3  | Got a steaming jade ring
100157 | Crypt:3  | Found a basalt altar of Yredelemnul.
100369 | Crypt:3  | Found an ancient bone altar of Kikubaaqudgha.
100417 | Crypt:3  | Got a pitted brass ring
100417 | Crypt:3  | Got a coiled pewter ring
100469 | Crypt:3  | Got a warped shortbow
100476 | Crypt:3  | Identified the +9 shortbow "Pygof" {freeze, rPois} (You found it on level 3 of the Crypt)
100484 | Crypt:3  | Identified the ring "Xyli" {rN+ Dex+3} (You found it on level 3 of the Crypt)
100498 | Crypt:3  | Identified the ring "Qysesch" {rElec rN+ Int+4} (You took it off a vampire on level 3 of the Crypt)
100511 | Crypt:3  | Identified the ring of Lidghed {rN+ MR+ Str-2 Dex+3} (You found it on level 3 of the Crypt)
101130 | Depths:4 | Reached skill level 23 in Fighting
101157 | Depths:3 | Noticed an ancient lich
101183 | Depths:3 | Killed an ancient lich
101506 | Depths:4 | Killed Frederick
102395 | Depths:5 | Entered Level 5 of the Depths
102861 | Depths:5 | Found a glowing golden altar of the Shining One.
103007 | Depths:5 | Reached skill level 24 in Fighting
103658 | Depths:5 | Found a gate to the Realm of Zot.
104032 | Vaults:5 | Entered Level 5 of the Vaults
104033 | Vaults:5 | Reached XP level 26. HP: 255/255 MP: 34/34
104180 | Vaults:5 | HP: 13/334 [titan/the air (22)]
104182 | Vaults:5 | Reached skill level 25 in Fighting
105071 | Vaults:5 | Reached skill level 26 in Fighting
106247 | Vaults:5 | Got a slimy copper ring
106271 | Vaults:5 | Got a silver rune of Zot
106856 | Vaults:5 | Reached skill level 27 in Fighting
106912 | Vaults:5 | Got a bloodstained battleaxe {chop}
107157 | Vaults:5 | Got a crystal battleaxe {chop}
107316 | Vaults:5 | Identified the ring "Dedus Ko Gav" {SustAt *Corrode rElec Str+9} (You took it off a yaktaur on level 5 of the Vaults)
107512 | Vaults:5 | Found Hirgh's Jewellery Boutique.
107666 | Vaults:5 | Identified the +10 battleaxe of Gurietue {chop, Str+6 Int+4} (You took it off an ironbrand convoker on level 5 of the Vaults)
108093 | Vaults:5 | Identified a +1 pair of boots of running (You found it on level 5 of the Vaults)
108205 | Vaults:5 | Reached XP level 27. HP: 263/273 MP: 34/34
108227 | Vaults:5 | Got an uncursed dazzling scimitar {vamp}
108229 | Vaults:5 | Identified the +7 scimitar of Ceisal {vamp, *Contam +Fly rF+++ Int-3} (You took it off a vault warden on level 5 of the Vaults)
108242 | Vaults:5 | Identified the cursed +1 battleaxe "Kisas" {chop, rPois} (You took it off an ogre mage on level 5 of the Vaults)
109183 | Slime:1  | Entered Level 1 of the Pits of Slime
109563 | Slime:1  | Reached skill level 15 in Earth Magic
109744 | Slime:1  | Gained mutation: You tend to lose your temper in combat. [a shining eye]
109745 | Slime:1  | Gained mutation: You passively map a small area around you. [a shining eye]
109747 | Slime:1  | Gained mutation: Scrolls take you a little longer to read. [a shining eye]
110375 | Slime:1  | Gained mutation: Your body often deteriorates upon taking damage. [a shining eye]
110607 | Slime:4  | Gained mutation: You often lose your temper in combat. [a shining eye]
111302 | Slime:4  | Found a viscous altar of Jiyva.
111580 | Slime:4  | Lost mutation: Your muscles are strong. (Str +2) [a shining eye]
112274 | Slime:4  | Gained mutation: Scrolls take you longer to read. [a shining eye]
113105 | Slime:5  | Gained mutation: You are weak. (Str -2) [a shining eye]
113142 | Slime:5  | Gained mutation: You have an uncontrollable temper. [a shining eye]
113366 | Lair:4   | Lost mutation: Scrolls take you longer to read. [potion of mutation]
113518 | D:7      | Gained mutation: You are occasionally teleported next to monsters. [potion of mutation]
113518 | D:7      | Lost mutation: You have an uncontrollable temper. [potion of mutation]
113655 | D:13     | Lost mutation: You possess an exceptional clarity of mind. [potion of mutation]
113655 | D:13     | Lost mutation: Scrolls take you a little longer to read. [potion of mutation]
113929 | Crypt:2  | Lost mutation: Your tail ends in a poisonous barb. [potion of mutation]
114303 | Depths:4 | Gained mutation: You are resistant to hostile enchantments. [potion of mutation]
114304 | Depths:4 | Lost mutation: Your system is resistant to poisons. [potion of mutation]
114304 | Depths:4 | Gained mutation: You are very weak. (Str -4) [potion of mutation]
114551 | Elf:3    | Lost mutation: You have a pair of small antennae on your head. [potion of mutation]
114551 | Elf:3    | Gained mutation: You have a pair of small horns on your head. [potion of mutation]
114551 | Elf:3    | Gained mutation: Your system is resistant to poisons. [potion of mutation]
115062 | Swamp:4  | Lost mutation: You have a pair of small horns on your head. [potion of mutation]
115734 | Orc:2    | Bought a potion of cure mutation for 350 gold pieces
115738 | Orc:2    | Lost mutation: You passively map a small area around you. [potion of cure mutation]
115738 | Orc:2    | Lost mutation: Your body often deteriorates upon taking damage. [potion of cure mutation]
115738 | Orc:2    | Lost mutation: You are resistant to hostile enchantments. [potion of cure mutation]
115739 | Orc:2    | Bought a potion of cure mutation for 350 gold pieces
115739 | Orc:2    | Lost mutation: You are clumsy. (Dex -2) [potion of cure mutation]
115739 | Orc:2    | Lost mutation: Your body sometimes deteriorates upon taking damage. [potion of cure mutation]
115739 | Orc:2    | Lost mutation: You are very weak. (Str -4) [potion of cure mutation]
115739 | Orc:2    | Lost mutation: You are weak. (Str -2) [potion of cure mutation]
115739 | Orc:2    | Lost mutation: Your system is resistant to poisons. [potion of cure mutation]
116437 | Slime:5  | Paralysed by a giant eyeball for 4 turns
116596 | Slime:5  | Gained mutation: You have an uncontrollable temper. [a shining eye]
116722 | Slime:6  | Entered Level 6 of the Pits of Slime
117174 | Slime:6  | Noticed the Royal Jelly
117239 | Slime:6  | Paralysed by a great orb of eyes for 7 turns
117571 | Slime:6  | Gained mutation: You are clumsy. (Dex -2) [a shining eye]
117573 | Slime:6  | Gained mutation: You expend magic power (3 MP) to strengthen your wands. [a shining eye]
117573 | Slime:6  | Gained mutation: Your spells are a little easier to cast, but a little less powerful. [a shining eye]
117575 | Slime:6  | Gained mutation: Your body sometimes deteriorates upon taking damage. [a shining eye]
117576 | Slime:6  | Gained mutation: You are weak. (Str -2) [a shining eye]
117578 | Slime:6  | Gained mutation: Potions and wands are less effective at restoring your health. [a shining eye]
117579 | Slime:6  | Gained mutation: You are very weak. (Str -4) [a shining eye]
117586 | Slime:6  | Lost mutation: Potions and wands are less effective at restoring your health. [a shining eye]
117587 | Slime:6  | Gained mutation: Your spells are easier to cast, but less powerful. [a shining eye]
117796 | Slime:6  | Gained mutation: Scrolls take you a little longer to read. [a shining eye]
117797 | Slime:6  | Gained mutation: Your magical capacity is very low (-20% MP). [a shining eye]
117802 | Slime:5  | Gained mutation: You are frail (-10% HP). [a shining eye]
117906 | Slime:6  | Found a viscous altar of Jiyva.
118355 | Slime:6  | Killed the Royal Jelly
118401 | Slime:6  | HP: 5/245 [death ooze[the Royal Jelly] (29)]
118401 | Slime:6  | Demolished by a death ooze

Skill      XL: |  1  2  3  4  5  6  7  8  9 10 11 12 13 14 15 16 17 18 19 20 21 22 23 24 25 26 27 |
---------------+----------------------------------------------------------------------------------+-----
Dodging        | 3 4 5 6 8 9 10 11 12 14 15 16 17 | 17.1
Fighting       | 4 5 6 8 9 11 12 13 14 16 17 18 19 20 24 27 | 27.0
Unarmed Combat | 5 6 7 9 10 11 12 14 15 16 | 16.3
Summonings     | 3 |  3.0
Spellcasting   | 2 4 5 8 10 11 12 | 12.0
Translocations | 2 4 5 |  5.5
Charms         | 3 4 |  4.0
Air Magic      | 3 4 |  4.6
Stealth        | 0 |  0.0
Shields        | 4 7 14 15 16 | 16.4
Long Blades    | 6 13 14 15 16 18 | 18.8
Earth Magic    | 7 11 13 14 15 | 15.5
Transmutations | 7 11 13 15 | 15.8

Action                   |  1- 3 |  4- 6 |  7- 9 | 10-12 | 13-15 | 16-18 | 19-21 | 22-24 | 25-27 || total
-------------------------+-------+-------+-------+-------+-------+-------+-------+-------+-------++-------
Melee: Unarmed           |   123 |   261 |   651 |  1025 |  2042 |   913 |       |       |       ||  5015
       Tailslap          |    10 |    36 |   105 |   194 |   400 |   606 |   727 |   828 |   904 ||  3810
       Punch             |     3 |     5 |    29 |    76 |   196 |    84 |       |       |       ||   393
       Long sword        |       |       |       |       |       |  1920 |  3083 |  3473 |  1882 || 10358
       Scimitar          |       |       |       |       |       |       |       |       |  1414 ||  1414
       Headbutt          |       |       |       |       |       |       |       |       |    23 ||    23
Throw: Javelin           |       |       |       |       |       |     5 |       |     6 |    24 ||    35
 Cast: Apportation       |       |       |       |       |     1 |       |       |     2 |     5 ||     8
       Repel Missiles    |       |       |       |       |     1 |    42 |    25 |    19 |    18 ||   105
       Blink             |       |       |       |       |     1 |       |       |       |     2 ||     3
       Statue Form       |       |       |       |       |       |       |       |    10 |    24 ||    34
Invok: Reject Sacrifices |       |       |     1 |     1 |     3 |     2 |       |       |       ||     7
       Sacrifice Essence |       |       |       |     2 |       |       |       |       |       ||     2
       Sacrifice Love    |       |       |       |       |     1 |       |       |       |       ||     1
       Power Leap        |       |       |       |       |     1 |     3 |     1 |       |    15 ||    20
       Sacrifice Stealth |       |       |       |       |     1 |       |       |       |       ||     1
       Sacrifice Artific |       |       |       |       |     1 |       |       |       |       ||     1
       Apocalypse        |       |       |       |       |       |     2 |       |       |     6 ||     8
       Draw Out Power    |       |       |       |       |       |     1 |       |       |     1 ||     2
       Sacrifice Purity  |       |       |       |       |       |       |     1 |       |       ||     1
       Sacrifice Health  |       |       |       |       |       |       |     1 |       |       ||     1
 Abil: Breathe Steam     |       |       |     6 |    11 |    64 |    29 |    12 |    69 |   119 ||   310
       End Transformatio |       |       |       |       |       |       |       |       |     7 ||     7
  Use: Potion            |       |     8 |     2 |       |     2 |    12 |     4 |     3 |    30 ||    61
       Scroll            |       |       |    13 |     9 |     6 |    18 |     6 |    11 |    33 ||    96
 Stab: Sleeping          |     6 |     2 |     7 |    30 |    10 |       |       |       |       ||    55
       Distracted        |       |     1 |       |     2 |     8 |    19 |    20 |    16 |    20 ||    86
       Invisible         |       |       |       |       |    17 |    34 |    26 |    29 |    34 ||   140
       Petrifying        |       |       |       |       |     1 |       |       |       |       ||     1
       Paralysed         |       |       |       |       |       |    14 |     8 |     7 |    32 ||    61
  Eat: Chunk             |       |     7 |    16 |    31 |    54 |    29 |    57 |    60 |    35 ||   289
       Beef jerky        |       |       |     1 |       |     2 |     1 |       |     4 |     3 ||    11
       Pizza             |       |       |       |     1 |       |     1 |       |     2 |     1 ||     5
       Royal jelly       |       |       |       |       |     5 |     1 |       |       |     1 ||     7
       Meat ration       |       |       |       |       |       |     8 |     1 |       |    15 ||    24
       Fruit             |       |       |       |       |       |     8 |       |     8 |     3 ||    19
Armor: Skin              |    30 |    46 |    93 |    91 |   272 |   433 |   267 |   424 |   645 ||  2301
Dodge: Dodged            |    70 |   210 |   566 |   912 |  1706 |  2050 |  1405 |  1487 |  2189 || 10595
       Deflected         |       |       |       |       |     1 |   128 |    63 |    54 |    70 ||   316
Block: Buckler           |       |       |       |       |       |   375 |    54 |     3 |       ||   432
       Shield            |       |       |       |       |       |       |  1457 |  1469 |  1839 ||  4765
       Reflection        |       |       |       |       |       |       |       |    57 |    55 ||   112
